 Dungeon Crawl Stone Soup version 0.26-a0-54-g15ccc7ae60 (webtiles) character file.

Game seed: 2625503479463784566

121 Bvern the Slasher (level 5, -7/47 HPs)
             Began as a Gnoll Chaos Knight on June 7, 2020.
             Was a Plaything of Xom.
             Mangled by Purgy the wind drake (shapeshifter) (11 damage)
             ... in a sewer.
             The game lasted 00:21:36 (1717 turns).

Bvern the Slasher (Gnoll Chaos Knight)              Turns: 1717, Time: 00:21:37

Health: -7/47      AC:  5    Str: 21    XL:     5   Next: 5%
Magic:  6/6        EV: 10    Int: 11    God:    Xom [...*..]
Gold:   159        SH:  8    Dex: 14    Spells: 6/6 levels left

rFire    . . .     SeeInvis .   a - +1 falchion (chaos)
rCold    . . .     Gourm    .   h - +0 kite shield
rNeg     . . .     Faith    +   b - +2 leather armour
rPois    .         Spirit   .   (no helmet)
rElec    .         Reflect  .   (no cloak)
rCorr    .         Harm     .   (no gloves)
MR       .....                  (no boots)
Stlth    ++........             m - amulet of faith
HPRegen  0.15/turn              d - -4 ring of intelligence (curse)
MPRegen  0.10/turn              n - +6 ring of strength

@: very slightly contaminated
A: distributed training, fangs 1, strong nose
a: Renounce Religion


You were in a sewer.
You worshipped Xom.
You were a favourite toy of Xom.
You were not hungry.

You visited 1 branch of the dungeon, and saw 3 of its levels.
You also visited: Sewer.

You collected 159 gold pieces.

Inventory:

Hand Weapons
 a - a +1 falchion of chaos (weapon)
 g - a +0 hunting sling
 i - a +0 dagger
 j - a +0 trident
Armour
 b - a +2 leather armour (worn)
 h - a +0 kite shield (worn)
Jewellery
 d - a cursed -4 ring of intelligence (left hand)
 m - an amulet of faith (around neck)
 n - a +6 ring of strength (right hand)
Wands
 k - a wand of paralysis (7)
Scrolls
 e - 2 scrolls of teleportation
Potions
 p - a potion of stabbing
Comestibles
 c - 3 rations
 f - 9 chunks of flesh


   Skills:
 + Level 6.6 Fighting
 + Level 1.3 Short Blades
 + Level 6.6 Long Blades
 + Level 1.3 Axes
 + Level 1.3 Maces & Flails
 + Level 1.3 Polearms
 + Level 1.3 Staves
 + Level 1.3 Slings
 + Level 1.3 Bows
 + Level 1.3 Crossbows
 + Level 1.3 Throwing
 + Level 4.7 Armour
 + Level 2.8 Dodging
 + Level 1.3 Stealth
 + Level 1.3 Shields
 + Level 1.3 Unarmed Combat
 + Level 1.3 Spellcasting
 + Level 1.0 Conjurations
 + Level 1.0 Hexes
 + Level 1.0 Charms
 + Level 1.0 Summonings
 + Level 1.0 Necromancy
 + Level 1.0 Translocations
 + Level 1.0 Transmutations
 + Level 1.0 Fire Magic
 + Level 1.0 Ice Magic
 + Level 1.0 Air Magic
 + Level 1.0 Earth Magic
 + Level 1.0 Poison Magic
 + Level 1.4 Invocations
 + Level 1.3 Evocations


You had 6 spell levels left.
You didn't know any spells.
Your spell library contained the following spells:

 Spells                   Type           Power        Failure   Level  Hunger
 Confusing Touch          Hex            #.......     99%         3    ####...
 Gell's Gravitas          Tloc           #.........   99%         3    ####...
 Petrify                  Tmut/Erth      #.......     100%        4    #####..
 Metabolic Englaciation   Hex/Ice        #.........   100%        5    ######.
 Yara's Violent Unravell  Hex/Tmut       #.........   100%        5    ######.


Dungeon Overview and Level Annotations

Branches:
Dungeon (3/15)              Sewer (1/1)

Altars:
Ru
Xom
Yredelemnul

Annotations:
Sewer Purgy


Innate Abilities, Weirdness & Mutations

Your experience applies equally to all skills.
You have very sharp teeth.
Your uncanny sense of smell can sniff out nearby items.


Message History

Purgy bites you. Purgy bites you!
* * * LOW HITPOINT WARNING * * *
Unknown command.
You hit Purgy. You freeze Purgy. You bite Purgy, but do no damage.
Purgy is severely wounded.
Purgy bites you.
* * * LOW HITPOINT WARNING * * *
You hit Purgy but do no damage. You bite Purgy, but do no damage.
Purgy is severely wounded.
Purgy completely misses your butterfly.
You catch Purgy completely off-guard!
You hit Purgy.
Purgy looks as sick as possible!
Purgy is almost dead. "Serve the mortal, my child!"
Purgy bites you.
* * * LOW HITPOINT WARNING * * *
You hit Purgy. Your bite misses Purgy.
Purgy is almost dead.
Purgy bites you!
You die...

**#*###* ###*
**#.≈,.≈.##*
#(b*###....,.≈≈..###
#:.##≈.b..#**#≈≈.≈.#
###@.b.b#** **#≈...
#.k5..b## ##.≈≈
###≈..b.### ###≈...
*∆≈##≈..≈≈####.....#
*∆?**##...≈.≈≈...###
*##* ###....≈.###
########


You could see Purgy the wind drake shaped shifter (fast, repels missiles,
confused, extremely poisoned) and a friendly iron imp (summoned).

Vanquished Creatures
  2 adders
  An ooze (D:1)
  3 worms
  4 dart slugs
  2 leopard geckos
  An orc (D:3)
  3 giant cockroaches
  5 hobgoblins
  9 jackals
  5 ball pythons
  7 bats
  5 frilled lizards
  12 goblins
  7 kobolds
  4 rats
70 creatures vanquished.

Vanquished Creatures (collateral kills)
  A leopard gecko (D:1)
  A goblin (D:1)
  A hobgoblin (D:1)
  A bat (D:1)
  A frilled lizard (D:1)
5 creatures vanquished.

Grand Total: 75 creatures vanquished

Notes
Turn   | Place    | Note
-------+----------+-------------------------------------------
     0 | D:1      | Bvern the Gnoll Chaos Knight began the quest for the Orb.
     0 | D:1      | Reached XP level 1. HP: 23/23 MP: 1/1
    86 | D:1      | XOM: silly message
    96 | D:1      | Reached XP level 2. HP: 28/29 MP: 2/2
   148 | D:1      | XOM: silly message
   149 | D:1      | Reached XP level 3. HP: 26/35 MP: 3/3
   340 | D:1      | XOM: divination: detect items
   368 | D:1      | XOM: silly message
   388 | D:1      | Reached skill level 1 in Invocations
   799 | D:2      | Reached skill level 1 in Short Blades
   799 | D:2      | Reached skill level 1 in Axes
   799 | D:2      | Reached skill level 1 in Maces & Flails
   799 | D:2      | Reached skill level 1 in Polearms
   799 | D:2      | Reached skill level 1 in Staves
   799 | D:2      | Reached skill level 1 in Slings
   799 | D:2      | Reached skill level 1 in Bows
   799 | D:2      | Reached skill level 1 in Crossbows
   799 | D:2      | Reached skill level 1 in Throwing
   799 | D:2      | Reached skill level 1 in Stealth
   799 | D:2      | Reached skill level 1 in Shields
   799 | D:2      | Reached skill level 1 in Unarmed Combat
   799 | D:2      | Reached skill level 1 in Spellcasting
   799 | D:2      | Reached skill level 1 in Evocations
   867 | D:2      | Reached XP level 4. HP: 41/41 MP: 5/5
   892 | D:2      | Found a sacrificial altar of Ru.
  1150 | D:2      | XOM: silly message
  1517 | D:2      | XOM: scenery: create altars
  1537 | D:3      | Found a basalt altar of Yredelemnul.
  1545 | D:3      | Reached skill level 1 in Conjurations
  1545 | D:3      | Reached skill level 1 in Hexes
  1545 | D:3      | Reached skill level 1 in Charms
  1545 | D:3      | Reached skill level 1 in Summonings
  1545 | D:3      | Reached skill level 1 in Necromancy
  1545 | D:3      | Reached skill level 1 in Translocations
  1545 | D:3      | Reached skill level 1 in Transmutations
  1545 | D:3      | Reached skill level 1 in Fire Magic
  1545 | D:3      | Reached skill level 1 in Ice Magic
  1545 | D:3      | Reached skill level 1 in Air Magic
  1545 | D:3      | Reached skill level 1 in Earth Magic
  1545 | D:3      | Reached skill level 1 in Poison Magic
  1621 | D:3      | Found a glowing drain.
  1634 | Sewer    | Entered a sewer
  1642 | Sewer    | Reached XP level 5. HP: 47/47 MP: 6/6
  1696 | Sewer    | Noticed Purgy
  1703 | Sewer    | Noticed Purgy
  1703 | Sewer    | Purgy changed into Purgy the shapeshifter
  1703 | Sewer    | Noticed Purgy
  1703 | Sewer    | Purgy the shapeshifter changed into Purgy the eye of
                  | draining
  1705 | Sewer    | Noticed Purgy
  1705 | Sewer    | Purgy the eye of draining changed into Purgy the wind drake
  1709 | Sewer    | XOM: butterfly on damage
  1711 | Sewer    | XOM: confuse monster(s)
  1716 | Sewer    | XOM: summons friendly iron imp
  1717 | Sewer    | Mangled by Purgy the wind drake (shapeshifter)

Illustrated notes

Levels and vault maps discovered:
D:1:      erik_arrival_blinker_ship, layout_basic, minmay_split_cup_large
D:2:      layout_basic, nicolae_ru_great_annihilating_truth
D:3:      layout_rooms, lemuel_crystal_altar, cheibrodos_ashenzari_chains,
          cheibrodos_sewer_entry_sluice
Sewer:    sewer_the_crocodile

Skill      XL: |  1  2  3  4 |
---------------+-------------+-----
Invocations    | 1 |  1.4
Short Blades   | 1 |  1.3
Axes           | 1 |  1.3
Maces & Flails | 1 |  1.3
Polearms       | 1 |  1.3
Staves         | 1 |  1.3
Slings         | 1 |  1.3
Bows           | 1 |  1.3
Crossbows      | 1 |  1.3
Throwing       | 1 |  1.3
Stealth        | 1 |  1.3
Shields        | 1 |  1.3
Unarmed Combat | 1 |  1.3
Spellcasting   | 1 |  1.3
Evocations     | 1 |  1.3
Conjurations   | 1 |  1.0
Hexes          | 1 |  1.0
Charms         | 1 |  1.0
Summonings     | 1 |  1.0
Necromancy     | 1 |  1.0
Translocations | 1 |  1.0
Transmutations | 1 |  1.0
Fire Magic     | 1 |  1.0
Ice Magic      | 1 |  1.0
Air Magic      | 1 |  1.0
Earth Magic    | 1 |  1.0
Poison Magic   | 1 |  1.0
Fighting       | |  6.6
Long Blades    | |  6.6
Armour         | |  4.7
Dodging        | |  2.8

Action                   |  1- 3 |  4- 6 || total
-------------------------+-------+-------++-------
Melee: Falchion          |    86 |    95 ||   181
       Bite              |     7 |    15 ||    22
       Punch             |     1 |       ||     1
  Use: Potion            |     4 |     2 ||     6
       Scroll            |     2 |     5 ||     7
 Stab: Sleeping          |     3 |     1 ||     4
       Paralysed         |       |     1 ||     1
       Confused          |       |     1 ||     1
  Eat: Chunk             |       |     3 ||     3
Armor: Leather armour    |    22 |    25 ||    47
Dodge: Dodged            |    41 |    40 ||    81
Block: Kite shield       |    19 |    35 ||    54
       Rpst.: Falchion   |    15 |    14 ||    29

Table legend:
 A = Non-vault XP
 B = Vault XP
 C = Vault XP percentage of total XP
 D = Non-vault monster count
 E = Vault monster count
 F = Vault count percentage of total count
                 A         B        C        D         E       F
            +---------+---------+-------+---------+---------+-------
      Total |     133 |      41 |  23.6 |      59 |      16 |  21.3
            +---------+---------+-------+---------+---------+-------
        D:1 |      52 |       7 |  11.9 |      24 |       4 |  14.3
        D:2 |      53 |      17 |  24.3 |      26 |       4 |  13.3
        D:3 |      28 |       7 |  20.0 |       9 |       3 |  25.0
      Sewer |       0 |      10 | 100.0 |       0 |       5 | 100.0
            +---------+---------+-------+---------+---------+-------
